Map: Catallena LE (Void)

Players

Jason - Winner!

  • Race: Terran Terran
  • League: Grandmaster
  • Spawn Location: 5:00

Rob

  • Race: Protoss Protoss
  • League: Grandmaster
  • Spawn Location: 12:00

VOD

Have the link to the VOD?

Description

Time

  • Played on: May 14, 2019, 5:08 p.m.
  • Length: 10:26
Show
View Real Time Build Order
Export as new Build Order

Jason Terran - Winner!

Build Orders: Gas First Reaper Expand 

Get SALT Encoding   

  12  0:00  SCV  
  13  0:12  SCV  
  14  0:17  Supply Depot  
  14  0:24  SCV  
  15  0:28  Refinery  
  15  0:39  SCV  
  16  0:45  Barracks  
  16  0:51  SCV  
  17  1:03  SCV  
  18  1:15  SCV  
  19  1:33  Reaper, Orbital Command  
  20  1:48  Command Center  
  20  1:59  Factory  
  20  2:03  SCV  
  20  2:07  Barracks Reactor  
  21  2:16  Supply Depot  
  21  2:17  SCV  
  22  2:22  Refinery  
  22  2:29  SCV  
  23  2:41  SCV  
  24  2:50  Barracks Tech Lab  
  24  2:52  Hellion x2  
  24  2:55  SCV, Starport  
  29  3:01  Orbital Command  
  29  3:13  Hellion  
  29  3:14  Hellion  
  29  3:17  SCV  
  34  3:32  Medivac  
  36  3:40  SCV  
  37  3:42  SCV  
  37  3:44  Marine x2  
  37  3:45  Cyclone  
  43  3:50  Supply Depot  
  43  3:52  SCV  
  43  3:54  SCV  
  45  4:04  SCV  
  45  4:09  SCV  
  46  4:11  Viking, Marine x2  
  46  4:14  Supply Depot  
  51  4:17  SCV  
  51  4:19  Siege Tank  
  54  4:24  Engineering Bay  
  54  4:34  SCV  
  54  4:38  Marine  
  54  4:39  SCV  
  53  4:46  SCV  
  53  4:51  SCV, Siege Tank, Marine  
  57  4:54  Starport Tech Lab  
  57  4:56  Missile Turret, Marine  
  57  4:58  SCV  
  57  4:59  Bunker  
  57  5:03  SCV  
  57  5:05  Barracks x2  
  58  5:11  SCV  
  58  5:12  Missile Turret  
  58  5:13  Raven  
  61  5:15  SCV  
  61  5:18  Refinery  
  62  5:30  Supply Depot, Marine  
  62  5:37  SCV  
  62  5:50  Supply Depot  
  62  5:52  SCV x2, Marine  
  62  5:53  Barracks Tech Lab  
  68  6:00  Siege Tank, Supply Depot  
  68  6:03  Terran Infantry Weapons Level 1  
  68  6:04  SCV x2  
  68  6:07  Supply Depot  
  68  6:08  Starport Reactor  
  70  6:11  Marauder  
  70  6:16  SCV  
  70  6:18  Stimpack  
  73  6:19  SCV  
  73  6:20  Marine x2, Supply Depot  
  73  6:21  Marauder  
  78  6:29  SCV  
  78  6:31  Barracks  
  78  6:32  Barracks  
  79  6:35  Combat Shield  
  79  6:37  Marauder, SCV  
  79  6:38  Marine  
  83  6:40  Refinery, Marine, Supply Depot  
  83  6:44  SCV  
  83  6:46  Marauder  
  87  6:53  SCV  
  88  6:58  Medivac  
  88  6:59  SCV  
  91  7:01  Marine  
  91  7:02  Marine  
  91  7:03  Supply Depot  
  91  7:04  Factory Reactor  
  91  7:07  Marine  
  91  7:08  Marine  
  95  7:15  Medivac  
  95  7:19  Marine  
  95  7:20  Marine  
  95  7:21  Barracks Tech Lab  
  99  7:26  Marauder x2, Supply Depot  
  102  7:32  Concussive Shells  
  102  7:36  Supply Depot  
  103  7:37  Marine  
  103  7:38  Marine  
  103  7:40  Marine x2  
  103  7:41  Command Center  
  103  7:43  Widow Mine  
  108  7:45  Widow Mine  
  108  7:47  Marauder  
  108  7:50  Marauder  
  114  7:55  Marine, Supply Depot  
  114  7:56  Marine  
  116  8:00  Marauder, Marine  
  116  8:04  SCV  
  118  8:15  Marauder, Marine x2  
  118  8:16  Marauder  
  118  8:18  Widow Mine  
  125  8:21  Widow Mine  
  126  8:38  Marine x2  
  126  8:39  Marauder, Widow Mine  
  120  8:46  Marauder, Widow Mine, Marine x2  
  123  8:56  Marine x2  
  123  9:00  Marine  
  124  9:04  Marauder, Marine  
  124  9:06  Widow Mine  
  124  9:07  Marine  
  119  9:10  Widow Mine  
  119  9:14  Marine x2  
  123  9:18  Marauder  
  123  9:21  Marine  
  121  9:25  Marine  
  121  9:26  Marauder  
  117  9:32  Marine x2  
  117  9:33  Widow Mine x2  
  123  9:39  Marauder, Marine  
  123  9:43  Medivac, Marine  
  125  9:45  Medivac  
  125  9:46  Marine  
  125  9:49  Marine x2  
  126  9:58  Marauder  
  124  10:00  Marine  
  124  10:01  Marauder  
  124  10:04  Marine  
  125  10:07  Marine x2  
  129  10:19  Missile Turret  
Show
View Real Time Build Order
Export as new Build Order

Rob Protoss 

Build Orders: 1 Gate Expand 

Get SALT Encoding   

  12  0:00  Probe  
  13  0:12  Probe  
  14  0:17  Pylon  
  14  0:24  Probe  
  15  0:32  Probe  
  15  0:37  Gateway  
  15  0:40  Probe  
  17  0:50  Assimilator  
  17  0:51  Probe  
  18  1:03  Probe  
  19  1:15  Probe  
  20  1:24  Cybernetics Core  
  20  1:28  Probe  
  21  1:41  Nexus  
  21  1:49  Probe  
  21  1:53  Pylon  
  22  1:59  Assimilator  
  22  2:01  Adept  
  22  2:05  Probe  
  22  2:07  Warp Gate  
  25  2:17  Probe  
  26  2:23  Stalker  
  26  2:29  Probe  
  27  2:30  Pylon  
  29  2:41  Probe  
  30  2:50  Twilight Council  
  30  2:53  Probe x2  
  32  3:03  Stalker  
  32  3:05  Probe x2  
  36  3:13  Gateway  
  36  3:17  Probe  
  36  3:19  Probe  
  38  3:29  Probe  
  38  3:31  Stalker, Probe  
  40  3:37  Gateway  
  40  3:39  Shield Battery  
  40  3:45  Pylon  
  40  3:49  Pylon  
  40  3:51  Probe  
  40  3:53  Probe  
  42  4:05  Probe  
  43  4:11  Probe  
  43  4:13  Stalker, Sentry  
  48  4:17  Probe  
  48  4:18  Gateway x2  
  49  4:28  Gateway  
  47  4:35  Probe x2  
  47  4:36  Blink  
  41  4:41  Stalker  
  41  4:42  Phoenix  
  41  4:49  Probe x2  
  42  4:55  Stalker x2  
  46  5:01  Probe  
  46  5:05  Probe  
  48  5:11  Probe  
  48  5:14  Probe  
  49  5:15  Stalker  
  49  5:19  Probe  
  52  5:22  Probe  
  52  5:28  Probe  
  54  5:32  Probe  
  54  5:44  Probe  
  54  5:46  Gateway  
  54  5:47  Probe  
  54  5:49  Assimilator  
  56  5:53  Stalker x3  
  56  5:55  Stalker  
  56  5:56  Probe  
  65  6:01  Stalker  
  67  6:08  Phoenix, Probe  
  68  6:15  Dark Shrine  
  68  6:20  Stalker  
  68  6:23  Pylon x2  
  70  6:41  Stalker x4  
  70  6:42  Charge  
  70  6:43  Stalker  
  80  6:59  Probe  
  81  7:03  Pylon  
  81  7:08  Nexus  
  81  7:09  Probe  
  81  7:12  Probe  
  83  7:20  Pylon  
  83  7:26  Probe x2  
  85  7:35  Stalker x2  
  85  7:36  Stalker x2  
  93  7:39  Pylon  
  93  7:42  Pylon  
  93  7:43  Pylon  
  93  7:58  Nexus  
  93  8:19  Stalker x4  
  101  8:22  Stalker  
  95  8:48  Stalker x6  
  79  9:11  Dark Templar x2  
  79  9:12  Zealot x3  
  87  9:18  Probe x3  
  84  9:28  Dark Templar  
  62  9:35  Stalker x3  
  64  9:52  Dark Templar  
  59  10:03  Stalker  
  59  10:04  Zealot x3  
  64  10:08  Nexus  
  64  10:09  Assimilator  
  64  10:10  Assimilator  
Tags
 
Add a new tag
Caveats
  • Supply blocks, unpowered buildings, or Contaminate may cause inaccurate times.
  • Supply counts are checked every 10 seconds.